Match 45112039
Unlisted

Match 45112039
End
Scout Squad
Scout Squad
Scout Squad
Mechanized Support Center
Scout Squad
Scout Squad
Construct Barracks
1⁄4-ton 4x4 Truck
Construct Weapon Support Center
M1919 Machine Gun Team
M1919 Machine Gun Team
Construct Medical Station
Bazooka Squad
M1 Mortar Team
Bazooka Squad
M1918 Browning Automatic Rifles
Bazooka Squad
Sniper
M1919 Machine Gun Team
Bazooka Squad
1⁄4-ton 4x4 Truck
Bazooka Squad
kowmuch
Fajolada
0
0

Comments sign in to comment!

No comments posted yet!